 Dungeon Crawl Stone Soup version 0.31.0-11-ge490571c62 (webtiles) character file.

Game seed: 2512765881574153214

113 EonDragon20 the Changeling (level 4, -4/32 HPs)
             Began as a Merfolk Shapeshifter on Feb 8, 2024.
             Was an Initiate of Wu Jian.
             Slain by an iguana (11 damage)
             ... on level 5 of the Dungeon.
             The game lasted 00:04:10 (1866 turns).

EonDragon20 the Changeling (Merfolk Shapeshifter)   Turns: 1866, Time: 00:04:11

Health: -4/32      AC:  6    Str: 14    XL:     4   Next: 96%
Magic:  4/4        EV: 12    Int:  9    God:    Wu Jian [......]
Gold:   154        SH:  0    Dex: 15    Spells: 3/3 levels left

rFire   . .          .
                       - Unarmed
rCold   . . .        (no shield)
rNeg    . . .        o - +3 leather armour
rPois   .            (helmet currently unavailable)
rElec   .            (cloak currently unavailable)
rCorr   .            (gloves currently unavailable)
SInv    .            (boots currently unavailable)
Will    .....        (no amulet)
Stlth   +            (no ring)
HPRegen 0.25/turn    (no ring)
MPRegen 0.09/turn

%: no passive effects
@: beast-form
A: beast (slay +3), (nimble swimmer 2), mertail
a: Begin Untransformation, Renounce Religion


You were on level 5 of the Dungeon.
You worshipped Wu Jian.
Wu Jian was noncommittal.
You were a hulking beast.
You visited 1 branch of the dungeon, and saw 4 of its levels.

You collected 154 gold pieces.

Inventory:

Armour
 e - a +0 cloak
 o - a +3 leather armour (worn)
Jewellery
 n - a ring of resist corrosion
Talismans
 c - a beast talisman
 d - a flux talisman
Scrolls
 a - a scroll of teleportation {unknown}
 g - a scroll of immolation {unknown}
 h - a scroll of blinking {unknown}
 i - 3 scrolls of noise {unknown}
 j - 4 scrolls of enchant weapon {unknown}
 l - a scroll of poison {unknown}
 m - 3 scrolls of fear {unknown}
 p - a scroll of vulnerability {unknown}
Potions
 b - a potion of lignification
 f - a potion of berserk rage {unknown}
 k - a potion of resistance {unknown}


   Skills:
 - Level 1.2 Fighting
 - Level 2.7 Dodging
 - Level 3.3 Unarmed Combat
 * Level 6.7 Shapeshifting


You had 3 spell levels left.
You didn't know any spells.
Your spell library contained the following spells:

 Spells                   Type           Power      Damage    Failure   Level
 Ensorcelled Hibernation  Hex/Ice        0%         N/A       61%         2
 Fugue of the Fallen      Necr           0%         N/A       83%         3
 Anguish                  Hex/Necr       0%         N/A       99%         4


Dungeon Overview and Level Annotations

Branches:
Dungeon (3/15)

Altars:
Wu Jian


Innate Abilities, Weirdness & Mutations

You are a hulking beast.
Your limbs bulge with bestial killing power. (Slay +3)
((You are very nimble when in or above water. (Stealth+, EV+, Speed+++)))
Your lower body shifts to a powerful aquatic tail in water.


Message History

You fall into a shaft and drop 2 floors!
The shaft crumbles and collapses.
You open the door.
There is an open door here.
You open the door.
There is an open door here.
You open the door.
There is an open door here.
You open the door.
An iguana, an orc wizard and an orc come into view.
The orc wizard shouts!
The orc shouts!
You hear a shout!
The iguana hisses angrily.
You hear a shout!
You hit the iguana.
The iguana is moderately wounded.
The iguana bites you!
Unknown command.
You hit the iguana but do no damage.
The iguana is moderately wounded.
You barely miss the iguana.
The iguana is moderately wounded.
The iguana bites you!
The orc wizard gestures wildly while chanting.
The orc wizard flickers and vanishes!
Deactivating autopickup; reactivate with Ctrl-A.
You hit the iguana.
The iguana is severely wounded.
The iguana closely misses you.
You hit the iguana.
The iguana is severely wounded.
The iguana bites you.
An orc comes into view. It is wielding a +0 flail.
You barely miss the iguana.
The iguana is severely wounded.
The orc shouts!
The iguana bites you.
* * * LOW HITPOINT WARNING * * *
You hit the iguana but do no damage.
The iguana is severely wounded.
The iguana bites you!
You die...

### ### ### ##.## ##.##
##.##
####...###...#+#...#
#.lh....'.....'.....
#.o..o##...###...###...#
##### ##.## ##.## ##.##
### ### ###


You could see an iguana and 2 orcs.

Vanquished Creatures
  An orc wizard (D:3)
  2 adders (D:2)
  2 dart slugs (D:2)
  4 ribbon worms
  4 orcs (D:3)
  4 endoplasms
  4 giant cockroaches
  A hobgoblin (D:1)
  A quokka (D:1)
  8 ball pythons
  5 bats
  6 frilled lizards
  5 goblins
  3 kobolds
  5 rats
55 creatures vanquished.

Notes
Turn   | Place    | Note
-------+----------+-------------------------------------------
     0 | D:1      | EonDragon20 the Merfolk Shapeshifter began the quest for
                  | the Orb.
     0 | D:1      | Reached XP level 1. HP: 15/15 MP: 1/1
   215 | D:1      | Reached XP level 2. HP: 21/21 MP: 2/2
   446 | D:1      | Reached skill level 5 in Shapeshifting
   652 | D:1      | Reached XP level 3. HP: 26/26 MP: 3/3
  1071 | D:2      | Reached XP level 4. HP: 32/32 MP: 4/4
  1090 | D:2      | Reached skill level 6 in Shapeshifting
  1134 | D:2      | Found a faded altar of an unknown god.
  1459 | D:3      | Found an ornate altar of the Wu Jian Council.
  1515 | D:3      | Became a worshipper of the Wu Jian Council
  1836 | D:3      | You fall into a shaft and drop 2 floors!
  1836 | D:5      | Entered Level 5 of the Dungeon
  1866 | D:5      | Slain by an iguana

Illustrated notes

Levels and vault maps discovered:
D:1:      scummos_arrival_star, layout_basic, patterned_corridor
D:2:      layout_rooms, basic_ecumenical_altar
D:3:      layout_loops_ring, nzn_wu_jian_contemplation,
          small_statue_intersection, uniq_crazy_yiuf_cottage
D:5:      layout_basic, mainiacjoe_overflow_paths, dk_noncrumbling_2,
          minmay_misc_feat_cross, nicolae_hexahallways

Skill      XL: |  1  2  3  4 |
---------------+-------------+-----
Shapeshifting  | 5 6 |  6.7
Fighting       | |  1.2
Dodging        | |  2.7
Unarmed Combat | |  3.3

Action                     |  1- 3 |  4- 6 || total
---------------------------+-------+-------++-------
  Melee: Unarmed           |    67 |    54 ||   121
         Punch             |     1 |       ||     1
Ability: Lunge             |       |     2 ||     2
   Stab: Sleeping          |       |     1 ||     1
 Armour: Animal skin       |    32 |       ||    32
         Leather armour    |     1 |    24 ||    25
  Dodge: Dodged            |    44 |    12 ||    56
